 Dungeon Crawl Stone Soup version 0.31-a0-175-g9f7f995f2b (webtiles) character file.

Game seed: 6718038695600213621

23 jasper the Caller (level 2, 0/13 HPs)
             Began as a Spriggan Summoner on June 16, 2023.
             Slain by an adder (1 damage)
             ... on level 2 of the Dungeon.
             The game lasted 00:01:47 (783 turns).

jasper the Caller (Spriggan Summoner)                Turns: 783, Time: 00:01:48

Health: 0/13       AC:  2    Str: 10    XL:     2   Next: 72%
Magic:  5/6        EV: 17    Int: 16    God:
Gold:   78         SH:  0    Dex: 15    Spells: 3/6 levels left

rFire   . . .        c - +1 dagger (speed)
rCold   . . .        (no shield)
rNeg    . . .        a - +0 robe
rPois   .            (helmet restricted)
rElec   .            (no cloak)
rCorr   .            (gloves unavailable)
SInv    +            (boots unavailable)
Will    .....        (no amulet)
Stlth   ++           h - +6 ring of strength
HPRegen 0.22/turn    (no ring)
MPRegen 0.10/turn

%: no passive effects
@: lethally poisoned (0 -> -5), very quick
A: very small, no large weapons, unfitting armour, see invisible, speed 3
a: no special abilities


You were on level 2 of the Dungeon.
You visited 1 branch of the dungeon, and saw 2 of its levels.

You collected 78 gold pieces.

Inventory:

Hand Weapons
 c - a +1 dagger of speed (weapon)
Armour
 a - a +0 robe (worn)
Jewellery
 h - a +6 ring of strength (left hand)
Scrolls
 f - a scroll of fear {unknown}
Potions
 b - a potion of magic
 g - a potion of degeneration {unknown}
 i - a potion of lignification {unknown}


   Skills:
 - Level 2.6 Dodging
 - Level 3.0 Stealth
 - Level 2.6 Spellcasting
 + Level 4.0 Summonings


You had 3 spell levels left.
You knew the following spells:

 Your Spells              Type           Power      Damage    Failure   Level
a - Summon Small Mammal   Summ           60%        N/A       3%          1
b - Call Imp              Summ           30%        N/A       5%          2

Your spell library contained the following spells:

 Spells                   Type           Power      Damage    Failure   Level
 Call Canine Familiar     Summ           15%        N/A       11%         3
 Summon Guardian Golem    Hex/Summ       8%         N/A       26%         3
 Summon Lightning Spire   Summ/Air       8%         N/A       63%         4


Dungeon Overview and Level Annotations

Branches:
Dungeon (2/15)

Altars:


Innate Abilities, Weirdness & Mutations

You are very small and have problems with some larger weapons.
You are too small for most types of armour.
You have supernaturally acute eyesight. (SInv)
You cover ground extremely quickly. (Speed+++)


Message History

You closely miss the adder.
You feel sick. The adder misses you.
You take 1 damage, and have 4/13 hp.
You miss the adder.
* * * LOW HITPOINT WARNING * * *
You feel sick. The adder misses you.
Your cerulean imp hits the adder but does no damage.
You take 1 damage, and have 3/13 hp.
It was a potion of curing.
You feel better. The adder completely misses you.
Your cerulean imp completely misses the adder.
The adder bites you.
You regained 4 hp, and now have 7/13 hp.
You miss the adder.
Your cerulean imp closely misses the adder.
You hit the adder.
The adder is lightly wounded.
The adder misses you.
You closely miss the adder.
The adder is lightly wounded.
Your cerulean imp misses the adder.
The adder bites you.
You are poisoned.
The adder poisons you!
You take 1 damage, and have 6/13 hp.
You hit the adder.
The adder is moderately wounded.
You feel sick. The adder bites you.
* * * LOW HITPOINT WARNING * * *
You are lethally poisoned!
The adder poisons you!
Your cerulean imp closely misses the adder.
You take 3 damage, and have 3/13 hp.
MASSIVE DAMAGE!!
You hit the adder but do no damage.
The adder is moderately wounded.
* * * LOW HITPOINT WARNING * * *
You feel sick. The adder closely misses you.
Your cerulean imp closely misses the adder.
You take 1 damage, and have 2/13 hp.
It was a potion of cancellation.
You feel magically purged.
* * * LOW HITPOINT WARNING * * *
You feel sick. The adder bites you.
You die...

#.....##..#.#.#
#.....##..#.#.#
#.....##..#.#.######
###'####..#.#.#....#
#.####......#....#
#.##....#.#.#....#
#..#.####.###....#
##.#'####..5'S...#
#......#####@.[.#
#......# #....#
#......# #....#
#......# .....#
.<.....# #....#
##......# #....#
.......# #....#
####+#### ......


You could see an adder (ally target) and a friendly cerulean imp (summoned).

Vanquished Creatures
  A hobgoblin (D:1)
  A quokka (D:1)
  A ball python (D:1)
  3 bats
  2 frilled lizards (D:1)
  A kobold (D:2)
  2 rats
11 creatures vanquished.

Vanquished Creatures (collateral kills)
  A dart slug (D:1)
  An endoplasm (D:1)
  2 goblins (D:1)
  A hobgoblin (D:1)
  2 ball pythons (D:1)
  4 kobolds (D:1)
  A rat (D:1)
12 creatures vanquished.

Grand Total: 23 creatures vanquished

Notes
Turn   | Place    | Note
-------+----------+-------------------------------------------
     0 | D:1      | jasper the Spriggan Summoner began the quest for the Orb.
     0 | D:1      | Reached XP level 1. HP: 9/9 MP: 5/5
   140 | D:1      | Reached XP level 2. HP: 7/13 MP: 2/6
   147 | D:1      | Learned a level 2 spell: Call Imp
   672 | D:2      | Reached skill level 4 in Summonings
   783 | D:2      | Slain by an adder

Illustrated notes

Levels and vault maps discovered:
D:1:      sevenhm_arrival_forest_fort_small_3, layout_rooms
D:2:      minmay_spotlight, layout_basic

Skill      XL: |  1  2 |
---------------+-------+-----
Summonings     | 4 |  4.0
Dodging        | |  2.6
Stealth        | |  3.0
Spellcasting   | |  2.6

Action                     || total
---------------------------++-------
  Melee: Unarmed           ||    14
         Dagger            ||    44
   Cast: Summon Small Mamm ||    10
         Call Imp          ||     6
    Use: Potion            ||     2
   Stab: Sleeping          ||     3
 Armour: Robe              ||     7
  Dodge: Dodged            ||    53

Table legend: (Time is in decaauts)
 A = Elapsed time spent in this place.
 B = Non-inter-level travel time spent in this place.
 C = Inter-level travel time spent in this place.
 D = Time resting spent in this place.
 E = Time spent auto-exploring this place.
 F = Levels seen in this place.
 G = Mean time per level.
                   A        B        C        D        E       F      G
               +--------+--------+--------+--------+--------+-----+--------+
         Total |    559 |    550 |      9 |      0 |    386 |   2 |  279.5 |
       Dungeon |    559 |    550 |      9 |      0 |    386 |   2 |  279.5 |
               +--------+--------+--------+--------+--------+-----+--------+

Top non-repeatable levels by time:
     D:1: 422 daAuts
     D:2: 136 daAuts
